 Dungeon Crawl Stone Soup version 0.25-a0-160-gd1d2e81aba (webtiles) character file.

Game seed: 17842417312195400403, levelgen mode: deterministic

1366 RedPan the Chiller (level 8, -2/57 HPs)
             Began as a Pale Draconian Ice Elementalist on Nov 21, 2019.
             Was a Follower of Sif Muna.
             Slain by a wight
             ... wielding a +4 halberd
              (12 damage)
             ... on level 6 of the Dungeon.
             The game lasted 00:13:37 (7059 turns).

RedPan the Chiller (DrIE)                           Turns: 7059, Time: 00:13:37

Health: -2/57      AC:  7    Str:  6    XL:     8   Next: 38%
Magic:  1/17       EV: 11    Int: 18    God:    Sif Muna [*.....]
Gold:   271        SH:  0    Dex: 12    Spells: 14/19 levels left

rFire    + + .     SeeInvis .   i - +10 short sword of the Wasteland {holy, rPois rF+ Str-4 Stlth+}
rCold    . . .     Gourm    .   (no shield)
rNeg     . . .     Faith    .   (armour unavailable)
rPois    +         Spirit   .   (helmet restricted)
rElec    .         Reflect  .   j - +0 cloak
rCorr    .         Harm     .   (no gloves)
MR       .....                  (no boots)
Stlth    ++........             (no amulet)
HPRegen  0.19/turn              g - ring of protection from fire
MPRegen  0.15/turn              (no ring)

@: drained
A: breathe steam, unfitting armour, cold-blooded, AC +6
a: Breathe Steam, Channel Magic, Renounce Religion


You were on level 6 of the Dungeon.
You worshipped Sif Muna.
Sif Muna was aware of your devotion.
You were hungry.

You visited 2 branches of the dungeon, and saw 8 of its levels.

You collected 271 gold pieces.

Inventory:

Hand Weapons
 c - a +0 flail
 e - a +0 short sword
 i - the +10 short sword of the Wasteland (weapon) {holy, rPois rF+ Str-4 Stlth+}
   (You took it off a centaur on level 6 of the Dungeon)

   It has been blessed by the Shining One to cause great damage to the undead
   and demons.
   It affects your strength (-4).
   It protects you from fire.
   It protects you from poison.
   It makes you more stealthy.
Armour
 j - a +0 cloak (worn)
Jewellery
 g - a ring of protection from fire (left hand)
 t - an uncursed ring of ice {unknown}
Wands
 m - a wand of random effects (28)
Scrolls
 d - 2 scrolls of remove curse
 h - 2 scrolls of enchant weapon {unknown}
 n - 2 scrolls of amnesia
 o - 2 scrolls of blinking
 p - a scroll of noise {unknown}
 u - a scroll of identify
Potions
 a - 3 potions of might
 f - 2 potions of agility
 k - 2 potions of lignification {unknown}
 l - 2 potions of curing {unknown}
 q - 2 potions of haste {unknown}
 s - a potion of ambrosia {unknown}
Comestibles
 b - 2 rations
 v - a chunk of flesh


   Skills:
 - Level 1.7(0.7) Dodging
 - Level 1.7(0.7) Stealth
 + Level 6.0(4.9) Spellcasting
   Level 1.0(0.0) Conjurations
 + Level 4.9(3.8) Summonings
 + Level 7.0(5.8) Ice Magic


You had 14 spell levels left.
You knew the following spells:

 Your Spells              Type           Power        Failure   Level  Hunger
a - Freeze                Ice            ####         1%          1    None
b - Summon Ice Beast      Ice/Summ       ###.....     19%         4    ####...

Your spell library contained the following spells:

 Spells                   Type           Power        Failure   Level  Hunger
 Throw Frost              Conj/Ice       ##....       6%          2    #......
 Ozocubu's Armour         Chrm/Ice       ##......     12%         3    ###....
 Throw Icicle             Conj/Ice       ##......     38%         4    ####...


Dungeon Overview and Level Annotations

Branches:
Dungeon (7/15)             Temple (1/1) D:7

Altars:
Ashenzari
Cheibriados
Dithmenos
Elyvilon
Fedhas
Gozag
Hepliaklqana
Kikubaaqudgha
Makhleb
Nemelex Xobeh
Okawaru
Qazlal
Ru
Sif Muna
Trog
Uskayaw
Wu Jian
Xom
Yredelemnul
Zin
The Shining One


Innate Abilities, Weirdness & Mutations

You can breathe blasts of scalding, opaque steam.
Your pale cyan-grey scales are hard. (AC +6)
You cannot fit into any form of body armour.
You are cold-blooded and may be slowed by cold attacks.


Message History

* * * LOW HITPOINT WARNING * * *
You feel drained.
* * * LOW HITPOINT WARNING * * *
Items here: $ ))) [[[ Unknown command.
You feel much better. The wight closely misses you.
Casting: Summon Ice Beast (slightly dangerous; 19% risk of failure)
Confirm with . or Enter, or press ? or * to list all spells.
A chill wind blows around you. The wight completely misses you.
Unknown command.
You closely miss the wight. You tail-slap the wight.
The wight is lightly damaged.
The wight hits you with a +4 halberd!
* * * LOW HITPOINT WARNING * * *
Your ice beast barely misses the wight.
Unknown command.
You hit the wight.
The wight convulses!
The wight is almost destroyed.
The wight hits you with a +4 halberd!
You die...

# ####.#
#.#.........#.......# #
#....#
#.#...#.#####...#####
####.##.## #.#...#.# ###.#
.......#.# #.......# #.#
####.##.## ###...#######
#.##### ####....#
#....[....# #......
....)...### ##Y..[..#.#
####### ###.......####
#z.....#.##### # #
#....>.....# #@####.#.#...#
# #
#.......##.###.##......[..#
#
###...####................#
#.....##.###.###..#.##.##
##.##.##.##.......#.##.#
#.##.##.##.........##.####
#...............##.......#
####.###........##.......#
#.# #..............#..#


You could see a wight and a friendly ice beast.

Vanquished Creatures
  A phantom (D:6)
  A centaur (D:6)
  A bullfrog (D:6)
  3 scorpions
  6 wights (D:6)
  3 crimson imps
  An orc priest (D:6)
  A bullfrog skeleton (D:5)
  3 orc wizards
  An iguana (D:4)
  Terence (D:2)
  6 worker ants
  A hound zombie (D:4)
  A hound skeleton (D:4)
  A gnoll (D:1)
  5 adders
  2 oozes
  An adder skeleton (D:7)
  2 worms (D:3)
  2 dart slugs
  4 leopard geckos
  10 orcs
  9 goblins
  6 hobgoblins
  8 jackals (D:1)
  2 quokkas
  2 ball pythons
  8 bats
  8 frilled lizards
  6 giant cockroaches
  A jackal skeleton (D:7)
  10 kobolds
  6 rats
123 creatures vanquished.

Vanquished Creatures (collateral kills)
  An orc warrior (D:6)
  A centaur (D:5)
  A water moccasin zombie (D:4)
3 creatures vanquished.

Grand Total: 126 creatures vanquished

Notes
Turn   | Place    | Note
-------+----------+-------------------------------------------
     0 | D:1      | RedPan the Draconian Ice Elementalist began the quest for
                  | the Orb.
     0 | D:1      | Reached XP level 1. HP: 14/14 MP: 3/3
   176 | D:1      | Reached XP level 2. HP: 14/20 MP: 1/5
   512 | D:1      | Reached XP level 3. HP: 17/26 MP: 1/7
   732 | D:1      | You fall into a shaft and drop 1 floor!
  1138 | D:1      | Reached skill level 4 in Ice Magic
  1343 | D:2      | Reached XP level 4. HP: 32/33 MP: 6/8
  1702 | D:2      | Noticed Terence
  1709 | D:2      | Killed Terence
  2557 | D:3      | Reached XP level 5. HP: 37/38 MP: 8/10
  2886 | D:3      | Learned a level 4 spell: Summon Ice Beast
  3117 | D:4      | Reached skill level 1 in Summonings
  3179 | D:4      | Reached skill level 5 in Ice Magic
  3240 | D:4      | Reached XP level 6. HP: 39/45 MP: 10/12
  3381 | D:4      | You fall into a shaft and drop 3 floors!
  3383 | D:7      | Found a staircase to the Ecumenical Temple.
  3392 | Temple   | Entered the Ecumenical Temple
  3483 | Temple   | Became a worshipper of Sif Muna the Loreminder
  4147 | D:5      | Entered Level 5 of the Dungeon
  4477 | D:4      | Your scales start taking on a pale cyan-grey colour.
  4477 | D:4      | Reached XP level 7. HP: 34/50 MP: 6/14
  4936 | D:5      | Reached skill level 5 in Spellcasting
  5249 | D:5      | Reached * piety under Sif Muna
  5265 | D:5      | Reached skill level 6 in Ice Magic
  5614 | D:6      | Identified the +10 short sword of the Wasteland {holy,
                  | rPois rF+ Str-4 Stlth+}
  6152 | D:6      | Reached XP level 8. HP: 43/57 MP: 9/16
  7054 | D:6      | Reached skill level 7 in Ice Magic
  7055 | D:6      | HP: 2/57 [wight/+4 halberd (4)]
  7059 | D:6      | Slain by a wight

Levels and vault maps discovered:
D:1:      wheals_arrival_shading, layout_rooms, minmay_hedge_maze
D:2:      layout_loops_ring, first_ration, st_stairs_11, minmay_misc_feat_cross,
          minmay_liquid_box, uniq_terence
D:3:      layout_rooms, nrook_mini_vaults
D:4:      layout_rooms, lemuel_doored_altar
D:5:      layout_cave_pods
D:6:      layout_loops_cross
D:7:      layout_basic, minmay_temple_entry_junction, gammafunk_ghost_smash,
          trog_wizard
Temple:   dpeg_three_leaves_temple

Skill      XL: |  1  2  3  4  5  6  7  8 |
---------------+-------------------------+-----
Spellcasting   | 3 4 5 6 |  6.0
Ice Magic      | 4 5 6 7 |  7.0
Summonings     | 1 2 4 |  4.9
Dodging        | |  1.7
Stealth        | |  1.7
Conjurations   | |  1.0

Action                   |  1- 3 |  4- 6 |  7- 9 || total
-------------------------+-------+-------+-------++-------
Melee: Club              |    12 |       |       ||    12
       Unarmed           |     2 |       |       ||     2
       Short sword       |    13 |       |    48 ||    61
       Flail             |    36 |   101 |    15 ||   152
       Tailslap          |     2 |     8 |     2 ||    12
 Cast: Freeze            |    40 |    93 |    27 ||   160
       Summon Ice Beast  |       |     1 |    13 ||    14
  Use: Scroll            |       |     6 |       ||     6
       Potion            |       |       |     3 ||     3
 Stab: Sleeping          |     1 |     2 |     3 ||     6
       Distracted        |       |       |     1 ||     1
  Eat: Chunk             |     1 |    11 |     6 ||    18
       Ration            |       |       |     1 ||     1
Armor: Skin              |    24 |    59 |    21 ||   104
Dodge: Dodged            |    69 |   115 |    51 ||   235

Table legend:
 A = Non-vault XP
 B = Vault XP
 C = Vault XP percentage of total XP
 D = Non-vault monster count
 E = Vault monster count
 F = Vault count percentage of total count
                 A         B        C        D         E       F
            +---------+---------+-------+---------+---------+-------
      Total |    1912 |      40 |   2.0 |     122 |       4 |   3.2
            +---------+---------+-------+---------+---------+-------
        D:1 |      64 |       0 |   0.0 |      29 |       0 |   0.0
        D:2 |      54 |      40 |  42.6 |      23 |       4 |  14.8
        D:3 |      57 |       0 |   0.0 |      19 |       0 |   0.0
        D:4 |     352 |       0 |   0.0 |      11 |       0 |   0.0
        D:5 |     272 |       0 |   0.0 |      12 |       0 |   0.0
        D:6 |    1105 |       0 |   0.0 |      25 |       0 |   0.0
        D:7 |       8 |       0 |   0.0 |       3 |       0 |   0.0
            +---------+---------+-------+---------+---------+-------
